 Dungeon Crawl Stone Soup version 0.28.0-43-g3370ac3207 (webtiles) character file.

Game seed: 407277279916946074

226 DasRunzen the Ducker (level 6, -3/45 HPs)
             Began as a Djinni Fire Elementalist on Mar 24, 2022.
             Killed from afar by Blork the orc (5 damage)
             ... with a magic dart
             ... on level 4 of the Dungeon.
             The game lasted 00:07:16 (4229 turns).

DasRunzen the Ducker (Djinni Fire Elementalist)     Turns: 4229, Time: 00:07:16

Health: -3/45      AC:  2    Str:  7    XL:     6   Next: 22%
Gold:   131        EV: 13    Int: 18    God:
                   SH:  0    Dex: 14

rFire   + + .      SeeInvis .   i - staff of earth
rCold   x . .      Faith    .   (no shield)
rNeg    . . .      Spirit   .   a - +0 robe
rPois   ∞          Reflect  .   (no helmet)
rElec   .          Harm     .   (no cloak)
rCorr   .          Rampage  .   (no gloves)
Will    .....                   (boots unavailable)
Stlth   ++........              (no amulet)
HPRegen 0.15/turn               (no ring)
MPRegen 0.00/turn               (no ring)

@: flying
A: sickness immunity, fire resistance 2, cold vulnerability 1, float, innate
caster, HP casting, extra vitality 1
a: no special abilities


You were on level 4 of the Dungeon.
You visited 1 branch of the dungeon, and saw 4 of its levels.

You collected 131 gold pieces.

Inventory:

Armour
 a - a +0 robe (worn)
Magical Staves
 i - a staff of earth (weapon)
Scrolls
 b - a scroll of teleportation
 d - a scroll of magic mapping {unknown}
 f - a scroll of brand weapon {unknown}
 g - a scroll of noise {unknown}
Potions
 c - a potion of haste
 h - 2 potions of curing {unknown}
 j - a potion of magic {unknown}


   Skills:
 + Level 2.5 Fighting
 + Level 2.6 Armour
 + Level 3.7 Dodging
 - Level 1.5 Stealth
 + Level 3.2 Spellcasting


You couldn't memorise any spells.
You knew the following spells:

 Your Spells              Type           Power      Damage    Failure   Level
a - Foxfire               Conj/Fire      56%        2x1d6     4%          1
b - Scorch                Fire           28%        2d6       6%          2
c - Conjure Flame         Conj/Fire      14%        6-21      13%         3
d - Inner Flame           Hex/Fire       14%        N/A       13%         3
e - Flame Wave            Conj/Fire      14%        2d6       38%         4
f - Magic Dart            Conj           56%        1d5       4%          1
g - Blink                 Tloc           28%        N/A       6%          2
Your spell library was empty.

Dungeon Overview and Level Annotations

Branches:
Dungeon (4/15)
 Temple: D:4-7

Altars:

Shops:
D:1 (

Annotations:
D:3 2 transporters, dangdung's ghost, amateur OpTm
D:4 Blork the orc


Innate Abilities, Weirdness & Mutations

You are immune to sickness and miasma.
You are immune to poison.
Your flesh is very heat resistant. (rF++)
You are vulnerable to cold. (rC-)
You float through the air rather than walking.
You learn spells naturally, not from books.
Your magical power is your life essence.
You have superior vitality. (+4 MHP)


Message History

You hear a bark!
Blork the orc mumbles some strange words.
Blork the orc seems to speed up.
Casting: Scorch (safe; 6% risk of failure)
Confirm with . or Enter, or press ? or * to list all spells.
Flames lash Blork the orc.
Blork the orc is burned terribly!
Blork the orc is heavily wounded.
Casting: Scorch (safe; 6% risk of failure)
Confirm with . or Enter, or press ? or * to list all spells.
You miscast Scorch.
You are very lightly contaminated with residual magic.
Nothing appears to happen.
Blork the orc hits you with a +0 battleaxe of electrocution!
* * * LOW HITPOINT WARNING * * *
Casting: Scorch (safe; 6% risk of failure)
Confirm with . or Enter, or press ? or * to list all spells.
You don't have enough health to cast this spell.
Okay, then.
Blork the orc misses you.
A quokka comes into view.
Blork the orc misses you.
Blork the orc looks braver for a moment.
Found a +3 morningstar.
Blork the orc misses you. The quokka barely misses you. The quokka misses you.
Blork the orc completely misses you.
Your magical contamination has completely faded away.
Blork the orc is no longer more vulnerable to fire.
Blork the orc closely misses you. The quokka closely misses you.
Blork the orc barely misses you. Blork the orc closely misses you.
Blork the orc casts a spell at you. The puff of flame hits you. You resist.
* * * LOW HITPOINT WARNING * * *
Blork the orc screams, "I'll eat your brain!
And then I'll vomit it back up!"
There is an open door here.
Blork the orc casts a cantrip, but nothing happens.
Blork the orc gestures at you while chanting.
The magic dart hits you.
You die...

#...........#[....#......
#...........#.....#......
#######...........#.....#......
........##...##...#.....+......
..##....##...######.....#..####
#.........#...>r#'####..#
#....##...#...o.#r......#
###+###...#.....#.......#
..........#@....#.......#
..........'.....#.......#
..........#.....#.......+
###+#######.....#.##....#
........############ ........#
........# ..:.....# ........#


You could see Blork the orc (fast) and a quokka.

Vanquished Creatures
  An orc priest (D:3)
  Terence (D:2)
  An orc wizard (D:3)
  3 gnolls (D:2)
  4 adders
  A worm (D:2)
  4 dart slugs
  6 orcs
  7 ball pythons
  8 bats
  4 endoplasms
  A giant cockroach (D:2)
  5 goblins
  4 hobgoblins
  5 quokkas
  6 frilled lizards
  7 kobolds
  4 rats
72 creatures vanquished.

Vanquished Creatures (collateral kills)
  A foxfire (D:2)
1 creature vanquished.

Vanquished Creatures (others)
  298 foxfires
  5 plants (D:2)
303 creatures vanquished.

Grand Total: 376 creatures vanquished

Notes
Turn   | Place    | Note
-------+----------+-------------------------------------------
     0 | D:1      | DasRunzen the Djinni Fire Elementalist began the quest for
                  | the Orb.
     0 | D:1      | Reached XP level 1. HP: 15/15 MP: 0/0
   146 | D:1      | Reached XP level 2. HP: 15/22 MP: 0/0
   446 | D:1      | Found a faded altar of an unknown god.
   679 | D:1      | Reached skill level 1 in Armour
   745 | D:1      | Found Tummaug's Weapon Shop.
   750 | D:1      | Reached XP level 3. HP: 22/26 MP: 0/0
   750 | D:1      | Learned a level 1 spell: Magic Dart
   813 | D:1      | Reached skill level 1 in Fighting
  1437 | D:2      | Reached XP level 4. HP: 12/32 MP: 0/0
  2381 | D:2      | Noticed Terence
  2389 | D:2      | Killed Terence
  2390 | D:2      | Reached XP level 5. HP: 14/38 MP: 0/0
  2390 | D:2      | Learned a level 2 spell: Blink
  3246 | D:3      | Found a transporter.
  3249 | D:3      | Noticed dangdung's ghost (amateur OpTm)
  3709 | D:3      | Reached XP level 6. HP: 38/45 MP: 0/0
  3756 | D:3      | Found a transporter.
  4204 | D:4      | Noticed Blork the orc
  4207 | D:4      | HP: 2/45 [Blork the orc/+0 battleaxe of electrocution (16)]
  4223 | D:4      | HP: 1/45 [Blork the orc/puff of flame (3)]
  4229 | D:4      | Killed from afar by Blork the orc

Illustrated notes

Levels and vault maps discovered:
D:1:      elethiomel_arrival_shortcut, layout_rooms, serial_shops,
          nicolae_shop_bloodbath_and_beyond, basic_ecumenical_altar
D:2:      layout_basic, minmay_misc_feat_chi, serial_bayou_ford_a, uniq_terence
D:3:      layout_rooms, gammafunk_ghost_arena
D:4:      layout_gridville, temple_statues, minmay_misc_feat_tower, hex_tiny,
          grunt_ministairs_8, nicolae_figureground_pulse, uniq_blork_the_orc

Skill      XL: |  1  2  3  4  5 |
---------------+----------------+-----
Armour         | 1 2 |  2.6
Fighting       | 1 2 |  2.5
Dodging        | 3 |  3.7
Spellcasting   | 3 |  3.2
Stealth        | |  1.5

Action                   |  1- 3 |  4- 6 || total
-------------------------+-------+-------++-------
 Cast: Foxfire           |    84 |   111 ||   195
       Scorch            |     2 |    20 ||    22
       Inner Flame       |       |     1 ||     1
  Use: Scroll            |       |     3 ||     3
Armor: Robe              |     1 |     3 ||     4
Dodge: Dodged            |     6 |    28 ||    34
